 Dungeon Crawl Stone Soup version 0.17-a0-1949-g1acca9a (webtiles) character file.

86 Japsu the Shooter (level 4, -3/32 HPs)
             Began as a Human Arcane Marksman on Oct 2, 2015.
             Slain by Purgy (5 damage)
             ... on level 3 of the Dungeon.
             The game lasted 00:21:17 (2319 turns).

Japsu the Shooter (Human Arcane Marksman)           Turns: 2319, Time: 00:21:17

Health: -3/32      AC:  2    Str:  7 (11) XL:     4   Next: 77%
Magic:  3/5        EV: 13    Int: 14      God:
Gold:   64         SH:  0    Dex: 13      Spells: 2 memorised, 2 levels left

rFire  . . .     SeeInvis .     a - +0 shortbow
rCold  . . .     Clarity  .     c - +0 robe
rNeg   . . .     SustAt   .     (no shield)
rPois  .         Gourm    .     (no helmet)
rElec  .         Spirit   .     (no cloak)
rCorr  .         Warding  .     (no gloves)
rMut   .         Stasis   +     (no boots)
MR     .....                    g - amulet of stasis
Stlth  ++........               (no ring)
                                (no ring)

@: not resistant to hostile enchantments, unstealthy
A: no striking features
a: no special abilities


You were on level 3 of the Dungeon.
You were not hungry.

You visited 1 branch of the dungeon, and saw 3 of its levels.

You collected 64 gold pieces.

Inventory:

Hand weapons
 a - a +0 shortbow (weapon)
 p - a cursed -2 short sword
 r - a +3 short sword
Missiles
 i - an arrow of frost (quivered)
 n - 12 poisoned arrows
Armour
 c - a +0 robe (worn)
Jewellery
 g - an amulet of stasis (around neck)
Scrolls
 j - a scroll of fear {unknown}
 m - 4 scrolls of identify {unknown}
Potions
 f - 4 potions of curing
 k - a potion of resistance
 o - a potion of haste {unknown}
 q - a potion of poison {unknown}
Books
 d - a book of Debilitation

   Spells                             Type                      Level
   a - Corona                         Hexes                        1
   b - Slow                           Hexes                        2
   c - Gell's Gravitas                Hexes/Translocation          3
   d - Inner Flame                    Hexes/Fire                   3
   e - Cause Fear                     Hexes                        4
   f - Leda's Liquefaction            Hexes/Earth                  4
Comestibles
 e - a bread ration
 h - 3 meat rations
 l - 3 fruits


   Skills:
 + Level 1.1 Fighting
 + Level 3.5 Bows
 + Level 2.7 Dodging
 * Level 1.3 Stealth
 + Level 1.0 Spellcasting
 + Level 3.2 Hexes


You had 2 spell levels left.
You knew the following spells:

 Your Spells              Type           Power        Failure   Level  Hunger
a - Corona                Hex            #......      10%         1    ##.....
b - Slow                  Hex            #.......     14%         2    ###....


Dungeon Overview and Level Annotations

Branches:
Dungeon (3/15)

Altars:

Annotations:
D:3 Purgy


Message History

You shoot an arrow. The arrow hits Purgy.
Purgy is lightly wounded.
Purgy closely misses you. Purgy claws you. Purgy claws you.
* * * LOW HITPOINT WARNING * * *
Firing (i - inventory. (,) - cycle):
i - 3 arrows of frost (quivered)
Press: ? - help, Shift-Dir - straight line, f/p - Purgy
Aim: Purgy (lightly wounded)
You shoot an arrow of frost. The arrow of frost hits Purgy.
The arrow of frost freezes Purgy.
Purgy is moderately wounded.
Purgy misses you. Purgy claws you.
* * * LOW HITPOINT WARNING * * *
Purgy claws you.
* * * LOW HITPOINT WARNING * * *
Firing (i - inventory. (,) - cycle):
i - 2 arrows of frost (quivered)
Press: ? - help, Shift-Dir - straight line, f/p - Purgy
Aim: Purgy (moderately wounded)
You shoot an arrow of frost. The arrow of frost barely misses Purgy.
Purgy bites you.
You die...

#..........[...<#
#.###############
#.#### #
##....##.#
#........#
###...##.# #...##
#....# #...@#
#....T.....(
#....######.
#....# #....#
#....# ######


You could see Purgy.

Vanquished Creatures
  4 adders (D:2)
  2 worms (D:2)
  5 giant cockroaches
  4 goblins
  7 hobgoblins
  6 kobolds
  A quokka (D:2)
  4 bats
  4 giant newts
  3 jackals
  5 rats
45 creatures vanquished.

Notes
Turn   | Place    | Note
--------------------------------------------------------------
     0 | D:1      | Japsu the Human Arcane Marksman began the quest for the Orb.
     0 | D:1      | Reached XP level 1. HP: 15/15 MP: 2/2
   163 | D:1      | Reached XP level 2. HP: 21/21 MP: 3/3
   459 | D:1      | Learned a level 2 spell: Slow
   767 | D:1      | Reached XP level 3. HP: 24/26 MP: 4/4
  1200 | D:2      | Reached skill level 1 in Stealth
  1488 | D:2      | Reached XP level 4. HP: 29/32 MP: 0/5
  2311 | D:3      | Noticed Purgy
  2319 | D:3      | Slain by Purgy

Vault maps used:
D:1:      dpeg_arrival_arbitrary_c
D:3:      wad_pebble_path, led_xom_imps, uniq_natasha, uniq_purgy

Action                   |  1- 3 |  4- 6 || total
-------------------------+-------+-------++-------
 Fire: Shortbow          |    84 |    60 ||   144
 Cast: Slow              |     2 |     2 ||     4
       Corona            |     1 |       ||     1
  Use: Potion            |     5 |       ||     5
  Eat: Bread ration      |     1 |       ||     1
